 Dungeon Sprint DCSS version 0.17.2-1-ge4368a0 (webtiles) character file.

8900000 hexophile the Ninja (level 27, -11/174 HPs)
             Began as a Spriggan Wanderer on Oct 15, 2016.
             Was the Champion of Makhleb.
             Killed from afar by a dread (26 damage)
             ... with a burst of hellfire
             ... in the Dungeon (Sprint VIII: "Arena of Blood").
             The game lasted 00:03:17 (89 turns).

hexophile the Ninja (Spriggan Wanderer)               Turns: 89, Time: 00:03:17

Health: -11/174    AC:  6    Str:  7    XL:     27
Magic:  34/55      EV: 45    Int: 16    God:    Makhleb [******]
Gold:   0          SH:  0    Dex: 27    Spells: 0 memorised, 80 levels left

rFire  . . .     SeeInvis +     e - +∞ Axe of Woe
rCold  . . .     Clarity  .     a - +2 robe
rNeg   . . .     SustAt   .     (shield currently unavailable)
rPois  .         Gourm    .     (helmet restricted)
rElec  .         Spirit   .     (no cloak)
rCorr  .         Warding  .     (gloves unavailable)
rMut   .         NoTele   +     (boots unavailable)
MR     ++++.                    (no amulet)
Stlth  ++++++++++               (no ring)
                                (no ring)

@: drained, very quick, incredibly resistant to hostile enchantments, uncannily
stealthy
A: unfitting armour, see invisible, herbivore 3, speed 3, slow metabolism 2
a: Minor Destruction, Lesser Servant of Makhleb, Major Destruction, Greater
Servant of Makhleb, Renounce Religion


You were in the Dungeon.
You worshipped Makhleb.
Makhleb was exalted by your worship.
You were not hungry.

You visited 1 branch


Innate Abilities, Weirdness & Mutations

You are tiny and cannot use many weapons and most armour.
You have supernaturally acute eyesight.
You are a herbivore.
You cover ground extremely quickly.
You need consume almost no food.

Inventory:

Hand Weapons
 b - a +0 short sword
 d - a +0 dagger
 e - the +∞ Axe of Woe (weapon)
   (You found it in the Dungeon)
Armour
 a - a +2 robe (worn)
Scrolls
 k - a scroll of blinking
Potions
 c - a potion of lignification
 f - a potion of curing
 g - a potion of heal wounds
 h - a potion of haste
 i - 2 potions of magic
 j - a potion of berserk rage
Comestibles
 r - a bread ration


You had 80 spell levels left.
You didn't know any spells.


   Skills:
 O Level 27(25.5) Fighting
 O Level 27(25.5) Short Blades
 O Level 27(25.5) Axes
 O Level 27(25.5) Throwing
 O Level 27(25.5) Armour
 O Level 27(25.5) Dodging
 O Level 27(25.5) Stealth
   Level 1.0(0.2) Shields
 O Level 27(25.5) Unarmed Combat
 O Level 27(25.5) Spellcasting
 O Level 27(25.5) Invocations
   Level 1.3(0.5) Evocations

Dungeon Overview and Level Annotations

Branches:
Dungeon (1/1)

Altars:
Makhleb

Vault maps used:
D:        meatsprint
You       could see an accursed, 3 meat beasts, a tyrant, 2 eight-headed meat
          hydras, a sculptor of flesh, a wretched soul (invisible), 2 dreads, 3
          meat berserkers and 4 bags of meat.


Message History

A meat beast comes into view.
The wretched soul breathes negative energy at you.
The bolt of negative energy hits you!
You feel drained.
Ouch! That really hurt!
You hear a shout! x2
The dread throws hellfire at you.
The hellfire explodes!
The burst of hellfire engulfs you!
* * * LOW HITPOINT WARNING * * *
You hear a shout!
An ogre and a lich come into view.
You lost 127 HP.
You have now: 47/174 HP.
Unknown command.
Unknown command.
A hydra, 2 orcs, an ogre, a hell beast and a lich come into view.
The meat berserker shouts!
You hear a shout!
The tyrant mumbles some strange words.
The tyrant seems to speed up.
You hear a shout! x2
The bag of meat moves out of view.
A bag of meat comes into view. It is wielding a +9 war axe.
Things that are here:
a +9 war axe; a +30 ring of slaying A dread comes into view.
You hear a shout! x3
The dread calls on the powers of darkness!
The bag of meat convulses!
The meat berserker convulses!
The eight-headed meat hydra convulses!
The meat berserker convulses!
The bag of meat convulses! x2
The eight-headed meat hydra convulses!
The bag of meat convulses!
Your body is wracked with pain!
* * * LOW HITPOINT WARNING * * *
The bag of meat convulses! x2
The accursed points at you and mumbles some strange words.
Something smites you!
* * * LOW HITPOINT WARNING * * *
The wretched soul appears out of thin air!
A wretched soul comes into view.
An orc and a skeletal warrior come into view.
You lost 33 HP.
You have now: 15/174 HP.
Unknown command.
Unknown command.
Unknown command.
A destroyer comes into view.
It is wielding a +9 great sword of slicing.
You hear a shout!
The meat beast screams, "Thy liver shall be my lunch!"
You hear a shout! x4
The destroyer moves out of view.
The dread throws hellfire at you.
The hellfire explodes!
The burst of hellfire engulfs you!
You die...

Action                   |  1- 3 |  4- 6 |  7- 9 | 10-12 | 13-15 | 16-18 | 19-21 | 22-24 | 25-27 || total
-------------------------+-------+-------+-------+-------+-------+-------+-------+-------+-------++-------
Melee: Broad axe         |     1 |       |       |       |     3 |     6 |     7 |     9 |    37 ||    63

Notes
Turn   | Place    | Note
--------------------------------------------------------------
     0 | D        | hexophile the Spriggan Wanderer began the quest for the Orb.
     0 | D        | hexophile set off with: a +2 robe, a +0 short sword, a potion of lignification, a +0 dagger, a potion of curing, a potion of heal wounds, a potion of haste, 2 potions of magic, a potion of berserk rage, a scroll of blinking, a bread ration
     0 | D        | Reached XP level 1. HP: 10/10 MP: 3/3
     3 | D        | Noticed a bag of meat
     3 | D        | Noticed a meat berserker
     4 | D        | Became a worshipper of Makhleb the Destroyer
     5 | D        | Noticed a bag of meat
     6 | D        | Noticed a bag of meat
     6 | D        | Noticed a meat berserker
     7 | D        | Noticed a bag of meat
     7 | D        | Killed a meat berserker
     7 | D        | Reached skill level 19 in Axes
     7 | D        | Reached skill level 22 in Dodging
     7 | D        | Reached skill level 23 in Stealth
     7 | D        | Reached XP level 2. HP: 14/14 MP: 4/4
     7 | D        | Reached XP level 3. HP: 18/18 MP: 5/5
     7 | D        | Reached XP level 4. HP: 22/22 MP: 6/6
     7 | D        | Reached XP level 5. HP: 25/25 MP: 7/7
     7 | D        | Reached XP level 6. HP: 30/30 MP: 8/8
     7 | D        | Reached XP level 7. HP: 33/33 MP: 9/9
     7 | D        | Reached XP level 8. HP: 37/37 MP: 10/10
     7 | D        | Reached XP level 9. HP: 41/41 MP: 11/11
     7 | D        | Reached XP level 10. HP: 45/45 MP: 12/12
     7 | D        | Reached XP level 11. HP: 49/49 MP: 13/13
     7 | D        | Reached XP level 12. HP: 53/53 MP: 14/14
     7 | D        | Reached XP level 13. HP: 56/56 MP: 15/15
     8 | D        | Noticed a bag of meat
     8 | D        | Noticed a meat berserker
     8 | D        | Noticed a bag of meat
     8 | D        | Noticed a bag of meat
     9 | D        | Noticed a bag of meat
     9 | D        | Noticed a bag of meat
     9 | D        | Noticed a meat berserker
    10 | D        | Killed a meat berserker
    10 | D        | Reached * piety under Makhleb
    10 | D        | Reached skill level 22 in Axes
    10 | D        | Reached skill level 25 in Dodging
    10 | D        | Reached skill level 27 in Stealth
    10 | D        | Reached XP level 14. HP: 61/61 MP: 16/16
    10 | D        | Noticed a bag of meat
    11 | D        | Noticed a meat berserker
    11 | D        | Killed a meat berserker
    11 | D        | Reached skill level 25 in Axes
    11 | D        | Reached skill level 27 in Dodging
    11 | D        | Reached XP level 15. HP: 65/65 MP: 17/17
    11 | D        | Killed a meat berserker
    11 | D        | Reached ** piety under Makhleb
    11 | D        | Reached skill level 27 in Axes
    11 | D        | Reached skill level 5 in Fighting
    11 | D        | Reached skill level 7 in Short Blades
    11 | D        | Reached skill level 6 in Throwing
    11 | D        | Reached skill level 4 in Armour
    11 | D        | Reached skill level 5 in Unarmed Combat
    11 | D        | Reached skill level 7 in Spellcasting
    11 | D        | Reached skill level 6 in Invocations
    12 | D        | Noticed a bag of meat
    14 | D        | Killed a bag of meat
    14 | D        | Reached skill level 7 in Fighting
    14 | D        | Reached skill level 9 in Short Blades
    14 | D        | Reached skill level 8 in Throwing
    14 | D        | Reached skill level 6 in Armour
    14 | D        | Reached skill level 7 in Unarmed Combat
    14 | D        | Reached skill level 10 in Spellcasting
    14 | D        | Reached skill level 8 in Invocations
    14 | D        | Reached XP level 16. HP: 70/80 MP: 17/31
    14 | D        | Killed a bag of meat
    14 | D        | Reached *** piety under Makhleb
    14 | D        | Reached skill level 8 in Fighting
    14 | D        | Reached skill level 11 in Short Blades
    14 | D        | Reached skill level 10 in Throwing
    14 | D        | Reached skill level 8 in Armour
    14 | D        | Reached skill level 8 in Unarmed Combat
    14 | D        | Reached skill level 12 in Spellcasting
    14 | D        | Reached skill level 10 in Invocations
    15 | D        | Noticed a bag of meat
    15 | D        | Killed a meat berserker
    15 | D        | Reached skill level 11 in Fighting
    15 | D        | Reached skill level 14 in Short Blades
    15 | D        | Reached skill level 12 in Throwing
    15 | D        | Reached skill level 10 in Armour
    15 | D        | Reached skill level 11 in Unarmed Combat
    15 | D        | Reached skill level 14 in Spellcasting
    15 | D        | Reached skill level 12 in Invocations
    15 | D        | Reached XP level 17. HP: 86/91 MP: 17/36
    16 | D        | Killed a bag of meat
    16 | D        | Reached **** piety under Makhleb
    16 | D        | Reached skill level 15 in Short Blades
    16 | D        | Reached skill level 13 in Throwing
    16 | D        | Reached skill level 11 in Armour
    16 | D        | Reached skill level 15 in Spellcasting
    16 | D        | Reached skill level 13 in Invocations
    16 | D        | Killed a bag of meat
    16 | D        | Reached skill level 12 in Fighting
    16 | D        | Reached skill level 16 in Short Blades
    16 | D        | Reached skill level 14 in Throwing
    16 | D        | Reached skill level 12 in Unarmed Combat
    16 | D        | Reached skill level 16 in Spellcasting
    16 | D        | Reached skill level 14 in Invocations
    17 | D        | Noticed a bag of meat
    17 | D        | Noticed a meat berserker
    17 | D        | Killed a bag of meat
    17 | D        | Reached skill level 13 in Fighting
    17 | D        | Reached skill level 15 in Throwing
    17 | D        | Reached skill level 12 in Armour
    17 | D        | Reached skill level 13 in Unarmed Combat
    17 | D        | Reached skill level 17 in Spellcasting
    17 | D        | Reached skill level 15 in Invocations
    17 | D        | Killed a bag of meat
    17 | D        | Reached ***** piety under Makhleb
    17 | D        | Reached skill level 14 in Fighting
    17 | D        | Reached skill level 17 in Short Blades
    17 | D        | Reached skill level 16 in Throwing
    17 | D        | Reached skill level 13 in Armour
    17 | D        | Reached skill level 14 in Unarmed Combat
    17 | D        | Reached skill level 18 in Spellcasting
    17 | D        | Reached skill level 16 in Invocations
    17 | D        | Reached XP level 18. HP: 99/102 MP: 17/41
    18 | D        | Noticed a bag of meat
    18 | D        | Killed a bag of meat
    18 | D        | Reached skill level 18 in Short Blades
    18 | D        | Reached skill level 17 in Throwing
    18 | D        | Reached skill level 19 in Spellcasting
    19 | D        | Noticed a large bag of meat
    19 | D        | Noticed a meat berserker
    19 | D        | Noticed a meat berserker
    20 | D        | Noticed a bag of meat
    20 | D        | Noticed a bag of meat
    20 | D        | Noticed a bag of meat
    21 | D        | Noticed a bag of meat
    21 | D        | Killed a meat berserker
    21 | D        | Reached skill level 15 in Fighting
    21 | D        | Reached skill level 19 in Short Blades
    21 | D        | Reached skill level 18 in Throwing
    21 | D        | Reached skill level 14 in Armour
    21 | D        | Reached skill level 15 in Unarmed Combat
    21 | D        | Reached skill level 21 in Spellcasting
    21 | D        | Reached skill level 18 in Invocations
    22 | D        | Killed a bag of meat
    22 | D        | Reached skill level 16 in Fighting
    22 | D        | Reached skill level 20 in Short Blades
    22 | D        | Reached skill level 19 in Throwing
    22 | D        | Reached skill level 15 in Armour
    22 | D        | Reached skill level 16 in Unarmed Combat
    22 | D        | Reached XP level 19. HP: 105/110 MP: 18/45
    23 | D        | Noticed a meat berserker
    23 | D        | Noticed a bag of meat
    24 | D        | Noticed a bag of meat
    24 | D        | Killed a bag of meat
    24 | D        | Reached skill level 21 in Short Blades
    24 | D        | Reached skill level 22 in Spellcasting
    24 | D        | Reached skill level 19 in Invocations
    24 | D        | Killed a bag of meat
    24 | D        | Reached skill level 17 in Fighting
    24 | D        | Reached skill level 20 in Throwing
    24 | D        | Reached skill level 16 in Armour
    24 | D        | Reached skill level 17 in Unarmed Combat
    24 | D        | Reached skill level 20 in Invocations
    25 | D        | Noticed a bag of meat
    25 | D        | Noticed a bag of meat
    25 | D        | Noticed a meat berserker
    26 | D        | Noticed a meat berserker
    26 | D        | Noticed a bag of meat
    27 | D        | Killed a bag of meat
    27 | D        | Reached ****** piety under Makhleb
    27 | D        | Reached skill level 22 in Short Blades
    27 | D        | Reached skill level 23 in Spellcasting
    27 | D        | Killed a meat berserker
    27 | D        | Reached skill level 18 in Fighting
    27 | D        | Reached skill level 23 in Short Blades
    27 | D        | Reached skill level 21 in Throwing
    27 | D        | Reached skill level 17 in Armour
    27 | D        | Reached skill level 18 in Unarmed Combat
    27 | D        | Reached skill level 24 in Spellcasting
    27 | D        | Reached skill level 21 in Invocations
    28 | D        | Noticed a bag of meat
    28 | D        | Noticed a meat berserker
    28 | D        | Killed a meat berserker
    28 | D        | Reached skill level 19 in Fighting
    28 | D        | Reached skill level 24 in Short Blades
    28 | D        | Reached skill level 22 in Throwing
    28 | D        | Reached skill level 18 in Armour
    28 | D        | Reached skill level 19 in Unarmed Combat
    28 | D        | Reached skill level 25 in Spellcasting
    28 | D        | Reached skill level 22 in Invocations
    28 | D        | Reached XP level 20. HP: 119/121 MP: 19/50
    29 | D        | Noticed a bag of meat
    29 | D        | Noticed a meat berserker
    29 | D        | Killed a meat berserker
    29 | D        | Reached skill level 20 in Fighting
    29 | D        | Reached skill level 25 in Short Blades
    29 | D        | Reached skill level 23 in Throwing
    29 | D        | Reached skill level 20 in Unarmed Combat
    29 | D        | Reached skill level 26 in Spellcasting
    29 | D        | Reached skill level 23 in Invocations
    30 | D        | Noticed a bag of meat
    30 | D        | Noticed a meat berserker
    30 | D        | Noticed a bag of meat
    30 | D        | Killed a bag of meat
    30 | D        | Reached skill level 19 in Armour
    30 | D        | Reached skill level 27 in Spellcasting
    30 | D        | Killed a bag of meat
    30 | D        | Reached skill level 21 in Fighting
    30 | D        | Reached skill level 24 in Throwing
    30 | D        | Reached skill level 21 in Unarmed Combat
    30 | D        | Reached skill level 24 in Invocations
    30 | D        | Reached XP level 21. HP: 127/130 MP: 20/53
    30 | D        | Killed a bag of meat
    30 | D        | Reached skill level 26 in Short Blades
    30 | D        | Reached skill level 20 in Armour
    31 | D        | Killed a meat berserker
    31 | D        | Reached skill level 22 in Fighting
    31 | D        | Reached skill level 27 in Short Blades
    31 | D        | Reached skill level 25 in Throwing
    31 | D        | Reached skill level 22 in Unarmed Combat
    31 | D        | Reached skill level 25 in Invocations
    31 | D        | Killed a meat berserker
    31 | D        | Reached skill level 23 in Fighting
    31 | D        | Reached skill level 26 in Throwing
    31 | D        | Reached skill level 21 in Armour
    31 | D        | Reached skill level 23 in Unarmed Combat
    31 | D        | Reached skill level 26 in Invocations
    32 | D        | Noticed a bag of meat
    32 | D        | Noticed a bag of meat
    32 | D        | Noticed a destroyer
    32 | D        | Killed a bag of meat
    32 | D        | Reached skill level 27 in Throwing
    32 | D        | Reached skill level 22 in Armour
    32 | D        | Reached skill level 27 in Invocations
    32 | D        | Killed a bag of meat
    32 | D        | Reached skill level 24 in Fighting
    32 | D        | Reached skill level 24 in Unarmed Combat
    32 | D        | Reached XP level 22. HP: 139/141 MP: 20/54
    32 | D        | Killed a bag of meat
    32 | D        | Reached skill level 23 in Armour
    33 | D        | Noticed a destroyer
    33 | D        | Noticed a large bag of meat
    33 | D        | Killed a bag of meat
    33 | D        | Reached skill level 25 in Fighting
    33 | D        | Reached skill level 25 in Unarmed Combat
    34 | D        | Noticed a bag of meat
    34 | D        | Noticed a bag of meat
    34 | D        | Noticed a meat berserker
    34 | D        | Killed a meat berserker
    34 | D        | Reached skill level 26 in Fighting
    34 | D        | Reached skill level 24 in Armour
    34 | D        | Reached skill level 26 in Unarmed Combat
    34 | D        | Killed a bag of meat
    34 | D        | Reached skill level 27 in Fighting
    34 | D        | Reached skill level 25 in Armour
    34 | D        | Reached skill level 27 in Unarmed Combat
    35 | D        | Noticed a meat berserker
    35 | D        | Noticed a bag of meat
    35 | D        | Killed a meat berserker
    35 | D        | Reached skill level 27 in Armour
    35 | D        | Reached XP level 23. HP: 153/153 MP: 21/55
    35 | D        | Killed a bag of meat
    36 | D        | Noticed a meat berserker
    36 | D        | Killed a bag of meat
    37 | D        | Noticed a bag of meat
    37 | D        | Noticed a bag of meat
    37 | D        | Noticed a bag of meat
    37 | D        | Noticed a bag of meat
    37 | D        | Killed a meat berserker
    39 | D        | Killed a meat berserker
    39 | D        | Killed a bag of meat
    40 | D        | Noticed a bag of meat
    40 | D        | Noticed a large bag of meat
    40 | D        | Noticed a destroyer
    40 | D        | Killed a bag of meat
    40 | D        | Reached XP level 24. HP: 158/158 MP: 22/55
    40 | D        | Killed a destroyer
    40 | D        | Killed a destroyer
    40 | D        | Noticed a bag of meat
    41 | D        | Noticed a bag of meat
    41 | D        | Killed a large bag of meat
    42 | D        | Noticed a bag of meat
    42 | D        | Noticed a bag of meat
    42 | D        | Noticed a bag of meat
    42 | D        | Noticed a bag of meat
    42 | D        | Noticed a bag of meat
    42 | D        | Killed a large bag of meat
    42 | D        | Killed a bag of meat
    42 | D        | Reached XP level 25. HP: 163/163 MP: 23/55
    42 | D        | Killed a bag of meat
    42 | D        | Killed a meat berserker
    43 | D        | Noticed a bag of meat
    43 | D        | Killed a meat berserker
    44 | D        | Noticed a bag of meat
    44 | D        | Noticed a destroyer
    44 | D        | Noticed a destroyer
    44 | D        | Noticed a bag of meat
    45 | D        | Noticed a sculptor of flesh
    45 | D        | Noticed a sculptor of flesh
    46 | D        | Noticed a sculptor of flesh
    46 | D        | Killed a large bag of meat
    47 | D        | Noticed a bag of meat
    47 | D        | Noticed a destroyer
    49 | D        | Noticed a meat berserker
    49 | D        | Killed a destroyer
    50 | D        | Noticed a meat berserker
    50 | D        | Killed a destroyer
    50 | D        | Reached XP level 26. HP: 169/169 MP: 25/55
    51 | D        | Noticed a destroyer
    51 | D        | Killed a bag of meat
    51 | D        | Killed a bag of meat
    52 | D        | Noticed an accursed
    52 | D        | Killed a destroyer
    52 | D        | Killed a bag of meat
    52 | D        | Killed a bag of meat
    53 | D        | Noticed an eight-headed meat hydra
    55 | D        | Killed a sculptor of flesh
    56 | D        | Killed a meat berserker
    56 | D        | Reached XP level 27. HP: 174/174 MP: 26/55
    57 | D        | Noticed a bag of meat
    57 | D        | Killed a bag of meat
    58 | D        | Noticed an accursed
    58 | D        | Killed a bag of meat
    58 | D        | Killed a bag of meat
    59 | D        | Killed a destroyer
    60 | D        | Killed a bag of meat
    60 | D        | Killed a bag of meat
    60 | D        | Killed an accursed
    60 | D        | Noticed a tyrant
    61 | D        | Killed a bag of meat
    62 | D        | Noticed a tyrant
    62 | D        | Killed a bag of meat
    63 | D        | Killed a tyrant
    64 | D        | Noticed a meat berserker
    64 | D        | Noticed a meat beast
    64 | D        | Noticed a sculptor of flesh
    64 | D        | Killed a bag of meat
    64 | D        | Killed a meat berserker
    64 | D        | Killed a bag of meat
    66 | D        | Noticed a meat beast
    66 | D        | Noticed a bag of meat
    66 | D        | Killed a sculptor of flesh
    66 | D        | Killed a bag of meat
    67 | D        | Noticed a bag of meat
    67 | D        | Killed a bag of meat
    68 | D        | Noticed a bag of meat
    68 | D        | Noticed a destroyer
    68 | D        | Killed a meat berserker
    68 | D        | Killed a bag of meat
    68 | D        | Killed a meat beast
    69 | D        | Noticed a meat berserker
    70 | D        | Killed a sculptor of flesh
    70 | D        | Killed a tyrant
    70 | D        | Killed a bag of meat
    71 | D        | Noticed a meat berserker
    71 | D        | Killed a meat beast
    72 | D        | Killed an accursed
    72 | D        | Killed a bag of meat
    73 | D        | Noticed a meat berserker
    73 | D        | Noticed a bag of meat
    73 | D        | Noticed a tyrant
    74 | D        | Noticed a meat berserker
    75 | D        | Noticed a destroyer
    75 | D        | Killed a bag of meat
    76 | D        | Noticed a meat beast
    76 | D        | Killed a meat berserker
    76 | D        | Killed a bag of meat
    76 | D        | Killed a meat berserker
    77 | D        | Noticed a sculptor of flesh
    77 | D        | Noticed a bag of meat
    77 | D        | Killed a bag of meat
    78 | D        | Noticed a wretched soul
    78 | D        | Killed a bag of meat
    80 | D        | Noticed a sculptor of flesh
    80 | D        | Killed a bag of meat
    81 | D        | Killed a destroyer
    81 | D        | Killed a bag of meat
    81 | D        | Killed a meat berserker
    82 | D        | Noticed a destroyer
    82 | D        | Killed a bag of meat
    83 | D        | Noticed a bag of meat
    83 | D        | Killed a meat berserker
    83 | D        | Killed a tyrant
    83 | D        | Killed a sculptor of flesh
    84 | D        | Noticed a meat beast
    84 | D        | Noticed a meat berserker
    84 | D        | Killed a destroyer
    85 | D        | Noticed a meat beast
    85 | D        | Noticed a dread
    85 | D        | Noticed an accursed
    85 | D        | Noticed a bag of meat
    86 | D        | Noticed a destroyer
    86 | D        | Killed a bag of meat
    87 | D        | Noticed a tyrant
    87 | D        | Noticed a meat beast
    87 | D        | Noticed a meat berserker
    87 | D        | Noticed a tyrant
    87 | D        | Noticed a bag of meat
    87 | D        | Noticed a bag of meat
    87 | D        | Noticed a meat berserker
    87 | D        | Noticed a meat beast
    88 | D        | Noticed a bag of meat
    88 | D        | Noticed a dread
    89 | D        | Noticed a wretched soul
    89 | D        | Noticed a bag of meat
    89 | D        | Noticed a sculptor of flesh
    89 | D        | Noticed a destroyer
    89 | D        | Killed from afar by a dread

Table legend:
 A = Turns spent in this place as a percentage of turns spent in the entire game.
 B = Non-inter-level travel turns spent in this place as a percentage of non-inter-level travel turns spent in the entire game.
 C = Inter-level travel turns spent in this place as a percentage of turns spent in this place.
 D = Turns resting spent in this place as a percentage of non-inter-level travel turns spent in this place.
 E = Turns spent auto-exploring this place as a percentage of non-inter-level travel turns spent in this place.
 F = Non-inter-level travel turns spent in this place divided by the number of levels of this place that you've seen.
                   A       B       C       D       E      F
               +-------+-------+-------+-------+-------+----------------------
         Total | 100.0 | 100.0 |   0.0 |   0.0 |   0.0 | 196.0
       Dungeon | 100.0 | 100.0 |   0.0 |   0.0 |   0.0 | 196.0
               +-------+-------+-------+-------+-------+----------------------

Table legend:
 A = Kills in this place as a percentage of kills in entire the game.
 B = Kills by you in this place as a percentage of kills by you in the entire game.
 C = Kills by friends in this place as a percentage of kills by friends in the entire game.
 D = Other kills in this place as a percentage of other kills in the entire game.
 E = Experience gained in this place as a percentage of experience gained in the entire game.
 F = Experience gained in this place divided by the number of levels of this place that you have seen.
                   A       B       C       D       E      F
               +-------+-------+-------+-------+-------+----------------------
         Total | 100.0 | 100.0 |  -nan |  -nan | 100.0 | 2932551.0
       Dungeon | 100.0 | 100.0 |  -nan |  -nan | 100.0 | 2932551.0
               +-------+-------+-------+-------+-------+----------------------

Vanquished Creatures
  2 hell beasts (D)
  2 greater mummies (D)
  8 vampire knights (D)
  24 ogres (D)
  3 liches (D)
  51 orcs (D)
  3 hill giants (D)
  4 skeletal warriors (D)
  5 large abominations (D)
  8 small abominations (D)
  8 crawling corpses (D)
118 creatures vanquished.

Vanquished Creatures (others)
  4 crawling corpses (D)
4 creatures vanquished.

Grand Total: 122 creatures vanquished
